Griffins vs Sound Tigers
Created - January 20, 2022 at 19:03
Goals
|
Griffins |
2 |
2 |
4 |
8 |
Sound Tigers |
0 |
0 |
1 |
1 |
|
Shots
|
Griffins |
8 |
12 |
12 |
32 |
Sound Tigers |
2 |
16 |
15 |
33 |
|
1st period
1. Griffins , Tyler Pitlick 10 (Adam Gaudette 12, Riley Armstrong 15) at 3:48
2. Griffins , Adam Gaudette 6 (Tyler Pitlick 13, Travis Sanheim 12) at 15:06
Penalties :
Dylan McIlrath (BRI) for Holding (Minor) at 9:06, Julian Melchiori (BRI) for Hooking (Minor) at 15:13, Sonny Milano (Gra) for Holding (Minor) at 18:08
2nd period
3. Griffins , Vladislav Namestnikov 4 (Ryan Pulock 4, Brendan Woods 8) at 16:46
4. Griffins , Mathew Barzal 6 (Danny Kristo 12, Filip Hronek 3) at 18:52
Penalties :
Phil Oreskovic (Gra) for Tripping (Minor) at 1:35, Riley Armstrong (Gra) for High sticking (Minor) at 7:55, Sonny Milano (Gra) for Hooking (Minor) at 11:30, Tyrell Goulbourne (BRI) for Hooking (Minor) at 14:35
3rd period
5. Sound Tigers , James Livingstone 8 (Ryan Bourque 11, James Sheppard 11) at 0:18
6. Griffins , Sonny Milano 3 (Phil Oreskovic 3) at 14:41
7. Griffins , Danny Kristo 7 (Lucas Lessio 10) at 15:16
8. Griffins , Travis Sanheim 2 (Riley Armstrong 16, Tyler Pitlick 14) at 18:11
9. Griffins , Danny Kristo 8 (Lucas Lessio 11) at 18:44
Penalties :
Alexander Yelesin (BRI) for Interference (Minor) at 6:45
Goalie Stats
Olivier Roy (Gra), 32 saves from 33 shots - (0.970), W, 7-5-0, 60:00 minutes
Sean Maguire (BRI), 11 saves from 15 shots - (0.733), 21:08 minutes
Pavel Francouz (BRI), 13 saves from 17 shots - (0.765), L, 8-6-2, 38:52 minutes
Players Stats for Griffins
Player Name G A P +/- PIM S H SB GA TA FO MP PP MP PK MP
------------------------------------------------------------------------------------
Adam Gaudette 1 1 2 2 0 4 2 0 0 1 0/1 18:48 5:23 0:08
Brendan Woods 0 1 1 1 0 1 2 0 0 0 0/2 12:15 0:20 4:46
Danny Kristo 2 1 3 3 0 4 3 5 1 0 0/0 16:49 2:31 1:49
Filip Hronek 0 1 1 2 0 0 0 2 0 0 0/0 9:54 0:00 0:00
Garrett Wilson 0 0 0 1 0 2 4 0 1 0 0/0 11:28 0:02 0:00
Ian McCoshen 0 0 0 1 0 0 0 1 0 0 0/0 4:14 0:00 0:10
Lucas Lessio 0 2 2 3 0 0 2 0 1 1 1/2 16:04 2:31 1:10
Marcus Pettersson 0 0 0 2 0 2 1 3 1 0 0/0 25:40 5:01 5:21
Martin Frk 0 0 0 1 0 3 2 1 0 0 2/4 16:17 5:01 0:00
Mathew Barzal 1 0 1 3 0 2 1 0 0 0 8/15 16:39 2:31 1:40
Patrick Wiercioch 0 0 0 2 0 0 0 1 0 1 0/0 16:47 0:00 2:35
Phil Oreskovic 0 1 1 2 2 0 3 1 0 0 0/0 19:08 0:00 3:58
Riley Armstrong 0 2 2 2 2 6 1 1 2 0 21/37 22:18 5:05 3:40
Ryan Lindgren 0 0 0 1 0 0 0 0 0 0 0/0 3:59 0:00 0:00
Ryan Pulock 0 1 1 2 0 0 1 2 1 0 0/0 11:07 0:00 1:13
Sonny Milano 1 0 1 1 4 1 1 0 0 1 0/0 15:17 2:55 0:11
Travis Sanheim 1 1 2 2 0 3 0 0 0 1 0/0 20:27 2:55 2:35
Troy Terry 0 0 0 1 0 0 0 0 0 0 0/0 6:57 0:02 0:00
Tyler Pitlick 1 2 3 2 0 3 1 0 1 0 1/1 18:40 5:23 0:00
Vladislav Namestnikov 1 0 1 1 0 1 2 0 1 0 3/5 9:12 0:00 2:28
Players Stats for Sound Tigers
Player Name G A P +/- PIM S H SB GA TA FO MP PP MP PK MP
------------------------------------------------------------------------------------
Alexander Yelesin 0 0 0 -1 2 1 2 1 0 0 0/0 13:16 0:00 0:39
Ben Johnson 0 0 0 0 0 2 1 0 0 0 2/3 7:46 0:00 0:34
Ben Thomson 0 0 0 0 0 1 0 0 1 0 0/0 9:14 2:35 1:34
Blake Speers 0 0 0 0 0 0 0 0 0 0 0/0 0:16 0:16 0:00
Borna Rendulic 0 0 0 -2 0 5 2 1 1 0 1/1 18:47 3:17 2:18
Brad Ross 0 0 0 0 0 0 0 0 0 0 0/0 8:22 0:00 1:07
Brandon Gignac 0 0 0 0 0 0 0 0 0 0 0/0 2:20 0:00 2:01
Casey Staum 0 0 0 -1 0 1 0 1 0 2 0/0 14:23 0:00 1:51
David Broll 0 0 0 0 0 0 0 0 0 0 0/0 0:00 0:00 0:00
Dylan McIlrath 0 0 0 -4 2 3 2 2 0 2 0/0 27:47 5:14 3:16
Gabriel Carlsson 0 0 0 -2 0 0 0 0 0 1 0/0 18:34 2:42 3:32
Garret Pilon 0 0 0 -2 0 0 1 0 0 0 2/3 8:13 0:26 0:00
James Livingstone 1 0 1 -3 0 3 0 0 0 1 1/2 23:20 4:39 4:09
James Sheppard 0 1 1 -3 0 7 1 1 1 0 3/8 23:20 4:39 4:09
Josh Archibald 0 0 0 0 0 2 0 0 0 0 0/0 7:12 0:00 0:00
Julian Melchiori 0 0 0 -4 2 2 2 2 0 2 0/0 27:51 5:14 3:07
Pavel Kraskovsky 0 0 0 -2 0 1 1 0 1 0 4/7 9:11 0:00 0:00
Rhett Gardner 0 0 0 -2 0 1 2 1 0 1 4/7 16:09 3:17 0:00
Ryan Bourque 0 1 1 -2 0 4 1 0 0 0 14/36 18:59 4:39 0:00
Scott Glennie 0 0 0 -2 0 0 0 0 1 0 0/0 9:11 0:00 0:00
Slater Koekkoek 0 0 0 -2 0 0 2 0 0 0 0/0 18:27 2:42 3:27
Tyrell Goulbourne 0 0 0 -3 2 0 1 0 0 0 0/0 9:22 0:00 0:00
3 Stars
1 - Danny Kristo (Gra)
2 - Tyler Pitlick (Gra)
3 - Olivier Roy (Gra)
Power Play
Griffins - 0 on 4 Attempt(s) - 0.00%
Sound Tigers - 0 on 4 Attempt(s) - 0.00%
Penalty Kill
Griffins - 4 on 4 Attempt(s) - 100.00%
- Score 0 goal in Penalty Kill
Sound Tigers - 4 on 4 Attempt(s) - 100.00%
- Score 0 goal in Penalty Kill
Team Stat
Griffins - Hits : 26 - Faceoff Wins : 36 - Blocked Shots : 17 - Penalty Minutes : 8
Sound Tigers - Hits : 18 - Faceoff Wins : 31 - Blocked Shots : 9 - Penalty Minutes : 8
Official
Referees : Kevin Pollock and Francois St. Laurent
Linesman : Brian Mach and Brandon Gawryletz
Game Notes
2:09 of 2nd period - Sound Tigers goal is going for a video replay. After video review, No Goal. The attacking player has interfered with a goalkeeper in his goal crease.
Ben Thomson is injured at 12:01 of 2nd period (Left Hand)
Sean Maguire enters game at 18:52 of 2nd period
Finance
Level 1 -- Attendance: 2000 (100.00%) -- Ticket Income $70,000
Level 2 -- Attendance: 1000 (100.00%) -- Ticket Income $15,000
Total Attendance: 3000 (100.00%)
Total Ticket Income: $85,000
Other Income: $4,250
Total Income: $89,250
Griffins
5 vs 5 Forward
Center Left Wing Right Wing Time % Phy DF OF
1 Riley Armstrong Tyler Pitlick Adam Gaudette 37 1 2 2
2 Mathew Barzal Lucas Lessio Danny Kristo 33 1 2 2
3 Martin Frk Sonny Milano Garrett Wilson 20 1 2 2
4 Vladislav Namestnikov Brendan Woods Troy Terry 10 1 2 2
5 vs 5 Defense
Defense Defense Time % Phy DF OF
1 Marcus Pettersson Phil Oreskovic 35 1 2 2
2 Patrick Wiercioch Travis Sanheim 35 1 2 2
3 Ryan Pulock Filip Hronek 20 1 2 2
4 Ryan Lindgren Ian McCoshen 10 1 2 2
PowerPlay Forward
Center Left Wing Right Wing Time % Phy DF OF
1 Riley Armstrong Tyler Pitlick Adam Gaudette 55 1 1 3
2 Mathew Barzal Lucas Lessio Danny Kristo 45 1 1 3
PowerPlay Defense
Defense Defense Time % Phy DF OF
1 Marcus Pettersson Martin Frk 55 0 2 3
2 Travis Sanheim Sonny Milano 45 0 2 3
Penalty Kill 4 Players Forward
Center Wing Time % Phy DF OF
1 Riley Armstrong Brendan Woods 60 1 2 2
2 Vladislav Namestnikov Danny Kristo 40 1 2 2
Penalty Kill 4 Players Defense
Defense Defense Time % Phy DF OF
1 Marcus Pettersson Phil Oreskovic 60 1 2 2
2 Patrick Wiercioch Travis Sanheim 40 1 2 2
Penalty Kill - 3 Players Forward
Forward Time % Phy DF OF
1 Brendan Woods 60 1 2 2
2 Riley Armstrong 40 1 2 2
Penalty Kill - 3 Players Defense
Defense Defense Time % Phy DF OF
1 Marcus Pettersson Phil Oreskovic 60 1 2 2
2 Patrick Wiercioch Travis Sanheim 40 1 2 2
4 vs 4 Forward
Center Wing Time % Phy DF OF
1 Riley Armstrong Tyler Pitlick 60 1 2 2
2 Vladislav Namestnikov Brendan Woods 40 1 2 2
4 vs 4 Defense
Defense Defense Time % Phy DF OF
1 Marcus Pettersson Phil Oreskovic 60 1 2 2
2 Patrick Wiercioch Travis Sanheim 40 1 2 2
Last Minutes Offensive
Center Left Wing Right Wing Defense Defense
Riley Armstrong Tyler Pitlick Danny Kristo Marcus Pettersson Travis Sanheim
Last Minutes Defensive
Center Left Wing Right Wing Defense Defense
Riley Armstrong Brendan Woods Danny Kristo Marcus Pettersson Phil Oreskovic
Goaltenders
Starting : Olivier Roy
Backup : Adam Werner
Extra Forwards
Normal : Brendan Woods, Lucas Lessio, Garrett Wilson - PP : Brendan Woods, Lucas Lessio - PK : Brendan Woods
Extra Defensemen
Normal : Ryan Pulock, Ian McCoshen, Ryan Lindgren - PP : Ryan Pulock - PK : Ryan Pulock, Ian McCoshen
Penalty Shots
Adam Gaudette, Sonny Milano, Danny Kristo, Vladislav Namestnikov, Troy Terry
Scratches
Greg McKegg (Healthy), Jack Ramsey (Healthy), Jordan Weal (Healthy), Konrad Abeltshauser (Healthy), Michael Bunting (Healthy)
Nikita Pavlychev (Healthy), Ryan Mantha (Healthy), Tanner Kero (Healthy), Tomas Hyka (Healthy), Marcus Hogberg (Healthy)
Philippe Desrosiers (Healthy)
Sound Tigers
5 vs 5 Forward
Center Left Wing Right Wing Time % Phy DF OF
1 Ryan Bourque James Sheppard James Livingstone 40 1 2 2
2 Rhett Gardner Ben Thomson Borna Rendulic 30 1 2 2
3 Pavel Kraskovsky Tyrell Goulbourne Scott Glennie 20 1 2 2
4 Ben Johnson Brad Ross Josh Archibald 10 1 2 2
5 vs 5 Defense
Defense Defense Time % Phy DF OF
1 Dylan McIlrath Julian Melchiori 40 1 2 2
2 Slater Koekkoek Gabriel Carlsson 30 1 2 2
3 Alexander Yelesin Casey Staum 20 1 2 2
4 Dylan McIlrath Julian Melchiori 10 1 2 2
PowerPlay Forward
Center Left Wing Right Wing Time % Phy DF OF
1 Ryan Bourque James Sheppard James Livingstone 60 1 2 2
2 Rhett Gardner Ben Thomson Borna Rendulic 40 1 2 2
PowerPlay Defense
Defense Defense Time % Phy DF OF
1 Dylan McIlrath Julian Melchiori 60 1 2 2
2 Slater Koekkoek Gabriel Carlsson 40 1 2 2
Penalty Kill 4 Players Forward
Center Wing Time % Phy DF OF
1 James Sheppard James Livingstone 60 1 2 2
2 Borna Rendulic Ben Thomson 40 1 2 2
Penalty Kill 4 Players Defense
Defense Defense Time % Phy DF OF
1 Dylan McIlrath Julian Melchiori 60 1 2 2
2 Slater Koekkoek Gabriel Carlsson 40 1 2 2
Penalty Kill - 3 Players Forward
Forward Time % Phy DF OF
1 James Sheppard 60 1 2 2
2 James Livingstone 40 1 2 2
Penalty Kill - 3 Players Defense
Defense Defense Time % Phy DF OF
1 Dylan McIlrath Julian Melchiori 60 1 2 2
2 Slater Koekkoek Gabriel Carlsson 40 1 2 2
4 vs 4 Forward
Center Wing Time % Phy DF OF
1 James Sheppard James Livingstone 60 1 2 2
2 Borna Rendulic Ben Thomson 40 1 2 2
4 vs 4 Defense
Defense Defense Time % Phy DF OF
1 Dylan McIlrath Julian Melchiori 60 1 2 2
2 Slater Koekkoek Gabriel Carlsson 40 1 2 2
Last Minutes Offensive
Center Left Wing Right Wing Defense Defense
Ryan Bourque James Sheppard James Livingstone Dylan McIlrath Julian Melchiori
Last Minutes Defensive
Center Left Wing Right Wing Defense Defense
Ryan Bourque James Sheppard James Livingstone Dylan McIlrath Julian Melchiori
Goaltenders
Starting : Pavel Francouz
Backup : Sean Maguire
Extra Forwards
Normal : Garret Pilon, Blake Speers, Brandon Gignac - PP : Garret Pilon, Blake Speers - PK : Brandon Gignac
Extra Defensemen
Normal : Alexander Yelesin, Casey Staum, Slater Koekkoek - PP : Alexander Yelesin - PK : Casey Staum, Slater Koekkoek
Penalty Shots
James Sheppard, James Livingstone, Borna Rendulic, Ben Thomson, Ryan Bourque
Scratches
Garret Ross (Healthy), Joe Labate (Healthy), Chris Driedger (Healthy)
% Time on Ice - Griffins
Lines # - Real PCT - Wanted PCT - Time Play
Normal Forward
1 - 31% - 37% - 13:52
2 - 28% - 33% - 12:29
3 - 25% - 20% - 11:09
4 - 15% - 10% - 6:38
Normal Defense
1 - 35% - 35% - 15:18
2 - 34% - 35% - 14:57
3 - 22% - 20% - 9:54
4 - 9% - 10% - 3:59
PP Forward
1 - 68% - 55% - 5:25
2 - 32% - 45% - 2:31
PP Defense
1 - 63% - 55% - 5:01
2 - 37% - 45% - 2:55
PK Forward
1 - 77% - 60% - 6:07
2 - 23% - 40% - 1:49
PK Defense
1 - 67% - 60% - 5:21
2 - 33% - 40% - 2:35
PK3 Forward
1 - 0% - 60%
2 - 0% - 40%
PK3 Defense
1 - 0% - 60%
2 - 0% - 40%
44 Forward
1 - 0% - 60%
2 - 0% - 40%
44 Defense
1 - 0% - 60%
2 - 0% - 40%
Last Minute Offensive - 0:00
Last Minute Defensive - 0:00
Total
Forward - 60:00
Defense - 60:00
|
% Time on Ice - Sound Tigers
Lines # - Real PCT - Wanted PCT - Time Play
Normal Forward
1 - 33% - 40% - 14:33
2 - 30% - 30% - 13:12
3 - 21% - 20% - 9:11
4 - 16% - 10% - 7:12
Normal Defense
1 - 42% - 40% - 18:31
2 - 28% - 30% - 12:18
3 - 28% - 20% - 12:32
4 - 2% - 10% - 0:47
PP Forward
1 - 59% - 60% - 4:39
2 - 41% - 40% - 3:17
PP Defense
1 - 66% - 60% - 5:14
2 - 34% - 40% - 2:42
PK Forward
1 - 71% - 60% - 5:38
2 - 29% - 40% - 2:18
PK Defense
1 - 57% - 60% - 4:29
2 - 43% - 40% - 3:27
PK3 Forward
1 - 0% - 60%
2 - 0% - 40%
PK3 Defense
1 - 0% - 60%
2 - 0% - 40%
44 Forward
1 - 0% - 60%
2 - 0% - 40%
44 Defense
1 - 0% - 60%
2 - 0% - 40%
Last Minute Offensive - 0:00
Last Minute Defensive - 0:00
Total
Forward - 60:00
Defense - 60:00
|
Play-by-Play
1st period
0:01 of 1st period - Riley Armstrong wins face-off versus Ryan Bourque in neutral zone.
0:26 of 1st period - Dylan McIlrath is hit by Danny Kristo and loses puck.
1:55 of 1st period - Snap shot by Danny Kristo.
1:55 of 1st period - Stopped by Pavel Francouz with a rebound.
2:07 of 1st period - Snap shot by Martin Frk.
2:07 of 1st period - Stopped by Pavel Francouz without a rebound.
2:08 of 1st period - Martin Frk wins face-off versus Pavel Kraskovsky in Sound Tigers zone.
2:33 of 1st period - James Livingstone is hit by Martin Frk and loses puck.
2:56 of 1st period - Snap shot by Adam Gaudette.
2:56 of 1st period - Shot Misses the Net.
3:11 of 1st period - Icing by Filip Hronek.
3:12 of 1st period - Ben Johnson wins face-off versus Mathew Barzal in Griffins zone.
3:13 of 1st period - Slapshot by Josh Archibald.
3:13 of 1st period - Shot Misses the Net.
3:38 of 1st period - Snap shot by Adam Gaudette.
3:38 of 1st period - Shot Misses the Net.
3:44 of 1st period - Wrist shot by Tyler Pitlick.
3:44 of 1st period - Shot Misses the Net.
3:46 of 1st period - Backhand shot by Adam Gaudette.
3:46 of 1st period - Shot Blocked by James Sheppard.
3:48 of 1st period - Snap shot by Tyler Pitlick.
3:48 of 1st period - Goal by Tyler Pitlick - Griffins : 1 - Sound Tigers : 0.
3:49 of 1st period - Mathew Barzal wins face-off versus Ryan Bourque in neutral zone.
4:00 of 1st period - Snap shot by Ryan Bourque.
4:00 of 1st period - Shot Blocked by Danny Kristo.
4:05 of 1st period - Slapshot by Ryan Bourque.
4:05 of 1st period - Shot Misses the Net.
4:15 of 1st period - Borna Rendulic is hit by Adam Gaudette and loses puck.
4:20 of 1st period - Slapshot by Riley Armstrong.
4:20 of 1st period - Stopped by Pavel Francouz without a rebound.
4:21 of 1st period - Riley Armstrong wins face-off versus Pavel Kraskovsky in Sound Tigers zone.
4:26 of 1st period - Snap shot by Riley Armstrong.
4:26 of 1st period - Shot Misses the Net.
4:28 of 1st period - Wrist shot by Tyler Pitlick.
4:28 of 1st period - Shot Misses the Net.
4:32 of 1st period - Wrist shot by Adam Gaudette.
4:32 of 1st period - Deflect By Dylan McIlrath.
4:32 of 1st period - Stopped by Pavel Francouz with a rebound.
4:34 of 1st period - Wrist shot by Riley Armstrong.
4:34 of 1st period - Stopped by Pavel Francouz without a rebound.
4:35 of 1st period - Vladislav Namestnikov wins face-off versus Ryan Bourque in Sound Tigers zone.
5:00 of 1st period - Phil Oreskovic is hit by Borna Rendulic and loses puck.
5:19 of 1st period - Snap shot by Pavel Kraskovsky.
5:19 of 1st period - Deflect By Riley Armstrong.
5:19 of 1st period - Shot Misses the Net.
5:19 of 1st period - Puck is out of play.
5:20 of 1st period - Pavel Kraskovsky wins face-off versus Riley Armstrong in Griffins zone.
5:45 of 1st period - James Sheppard is hit by Mathew Barzal and loses puck.
6:58 of 1st period - Icing by Julian Melchiori.
6:59 of 1st period - Pavel Kraskovsky wins face-off versus Riley Armstrong in Sound Tigers zone.
7:24 of 1st period - James Sheppard is hit by Lucas Lessio and loses puck.
8:22 of 1st period - Snap shot by Pavel Kraskovsky.
8:22 of 1st period - Stopped by Olivier Roy without a rebound.
8:23 of 1st period - Ryan Bourque wins face-off versus Lucas Lessio in Griffins zone.
8:50 of 1st period - Rhett Gardner is hit by Phil Oreskovic and loses puck.
8:59 of 1st period - Snap shot by Riley Armstrong.
8:59 of 1st period - Stopped by Pavel Francouz without a rebound.
9:00 of 1st period - Riley Armstrong wins face-off versus James Sheppard in Sound Tigers zone.
9:06 of 1st period - Minor Penalty to Dylan McIlrath for Holding.
9:07 of 1st period - James Sheppard wins face-off versus Riley Armstrong in Sound Tigers zone.
9:15 of 1st period - Casey Staum is hit by Adam Gaudette and loses puck.
9:26 of 1st period - Julian Melchiori is hit by Riley Armstrong and loses puck.
10:33 of 1st period - Ben Thomson is hit by Danny Kristo and loses puck.
11:06 of 1st period - Penalty to Dylan McIlrath is over, Dylan McIlrath is back on ice.
11:32 of 1st period - Icing by Ryan Pulock.
11:33 of 1st period - Vladislav Namestnikov wins face-off versus Pavel Kraskovsky in Griffins zone.
11:48 of 1st period - Slapshot by Pavel Kraskovsky.
11:48 of 1st period - Shot Misses the Net.
12:40 of 1st period - Slapshot by Brad Ross.
12:40 of 1st period - Shot Misses the Net.
12:46 of 1st period - Brendan Woods is hit by Alexander Yelesin and loses puck.
13:15 of 1st period - James Livingstone is hit by Tyler Pitlick and loses puck.
13:44 of 1st period - Wrist shot by James Sheppard.
13:44 of 1st period - Shot Misses the Net.
13:46 of 1st period - Wrist shot by James Livingstone.
13:46 of 1st period - Deflect By Ryan Bourque.
13:46 of 1st period - Stopped by Olivier Roy without a rebound.
13:47 of 1st period - Riley Armstrong wins face-off versus Rhett Gardner in Griffins zone.
14:39 of 1st period - Patrick Wiercioch is hit by Slater Koekkoek and loses puck.
15:04 of 1st period - Snap shot by Tyler Pitlick.
15:04 of 1st period - Shot Misses the Net.
15:06 of 1st period - Backhand shot by Adam Gaudette.
15:06 of 1st period - Goal by Adam Gaudette - Griffins : 2 - Sound Tigers : 0.
15:07 of 1st period - Riley Armstrong wins face-off versus Ryan Bourque in neutral zone.
15:13 of 1st period - Minor Penalty to Julian Melchiori for Hooking.
15:14 of 1st period - James Sheppard wins face-off versus Riley Armstrong in Sound Tigers zone.
15:24 of 1st period - Slapshot by Martin Frk.
15:24 of 1st period - Shot Blocked by Dylan McIlrath.
16:16 of 1st period - Ben Thomson is hit by Danny Kristo.
17:13 of 1st period - Penalty to Julian Melchiori is over, Julian Melchiori is back on ice.
17:14 of 1st period - Dylan McIlrath is hit by Garrett Wilson and loses puck.
17:21 of 1st period - Garrett Wilson is hit by Julian Melchiori and loses puck.
17:36 of 1st period - Brendan Woods is hit by Pavel Kraskovsky and loses puck.
17:41 of 1st period - Snap shot by Pavel Kraskovsky.
17:41 of 1st period - Shot Misses the Net.
17:56 of 1st period - Icing by Pavel Kraskovsky.
17:57 of 1st period - Pavel Kraskovsky wins face-off versus Martin Frk in Sound Tigers zone.
17:57 of 1st period - Pavel Kraskovsky is hit by Marcus Pettersson.
18:08 of 1st period - Minor Penalty to Sonny Milano for Holding.
18:09 of 1st period - Ryan Bourque wins face-off versus Brendan Woods in Griffins zone.
18:20 of 1st period - Wrist shot by Ryan Bourque.
18:20 of 1st period - Shot Misses the Net.
18:22 of 1st period - Snap shot by James Livingstone.
18:22 of 1st period - Shot Misses the Net.
19:21 of 1st period - Icing by Dylan McIlrath.
19:22 of 1st period - Rhett Gardner wins face-off versus Vladislav Namestnikov in Sound Tigers zone.
Goals for this period are 2 for Griffins vs 0 for Sound Tigers.
Shots for this period are 8 for Griffins vs 2 for Sound Tigers.
2nd period
0:01 of 2nd period - Riley Armstrong wins face-off versus Ryan Bourque in neutral zone.
0:08 of 2nd period - Penalty to Sonny Milano is over, Sonny Milano is back on ice.
0:12 of 2nd period - Backhand shot by Ryan Bourque.
0:12 of 2nd period - Stopped by Olivier Roy with a rebound.
0:14 of 2nd period - Snap shot by James Livingstone.
0:14 of 2nd period - Shot Misses the Net.
1:11 of 2nd period - Snap shot by Tyler Pitlick.
1:11 of 2nd period - Stopped by Pavel Francouz with a rebound.
1:13 of 2nd period - Wrist shot by Adam Gaudette.
1:13 of 2nd period - Stopped by Pavel Francouz without a rebound.
1:14 of 2nd period - Mathew Barzal wins face-off versus Ryan Bourque in Sound Tigers zone.
1:35 of 2nd period - Minor Penalty to Phil Oreskovic for Tripping.
1:36 of 2nd period - Riley Armstrong wins face-off versus Ryan Bourque in Griffins zone.
1:45 of 2nd period - Snap shot by Riley Armstrong.
1:45 of 2nd period - Shot Misses the Net.
1:51 of 2nd period - Slapshot by Dylan McIlrath.
1:51 of 2nd period - Stopped by Olivier Roy with a rebound.
2:09 of 2nd period - Snap shot by Ben Thomson.
2:09 of 2nd period - Sound Tigers goal is going for a video replay.
2:09 of 2nd period - The goal is refused. The attacking player has interfered with a goalkeeper in his goal crease..
2:10 of 2nd period - Ryan Bourque wins face-off versus Riley Armstrong in Griffins zone.
3:14 of 2nd period - Lucas Lessio is hit by Rhett Gardner and loses puck.
3:35 of 2nd period - Penalty to Phil Oreskovic is over, Phil Oreskovic is back on ice.
3:43 of 2nd period - Scott Glennie is hit by Garrett Wilson and loses puck.
4:22 of 2nd period - Julian Melchiori is hit by Brendan Woods and loses puck.
5:30 of 2nd period - Icing by Lucas Lessio.
5:31 of 2nd period - Ryan Bourque wins face-off versus Riley Armstrong in Griffins zone.
5:34 of 2nd period - Wrist shot by James Livingstone.
5:34 of 2nd period - Shot Blocked by Riley Armstrong.
5:44 of 2nd period - Snap shot by Adam Gaudette.
5:44 of 2nd period - Stopped by Pavel Francouz with a rebound.
6:47 of 2nd period - Wrist shot by Lucas Lessio.
6:47 of 2nd period - Shot Blocked by Alexander Yelesin.
7:26 of 2nd period - Slapshot by Borna Rendulic.
7:26 of 2nd period - Stopped by Olivier Roy without a rebound.
7:27 of 2nd period - Rhett Gardner wins face-off versus Mathew Barzal in Griffins zone.
7:30 of 2nd period - Snap shot by Borna Rendulic.
7:30 of 2nd period - Shot Blocked by Danny Kristo.
7:32 of 2nd period - Snap shot by Rhett Gardner.
7:32 of 2nd period - Shot Misses the Net.
7:34 of 2nd period - Wrist shot by Borna Rendulic.
7:34 of 2nd period - Shot Blocked by Danny Kristo.
7:36 of 2nd period - Slapshot by Julian Melchiori.
7:36 of 2nd period - Shot Blocked by Danny Kristo.
7:38 of 2nd period - Wrist shot by Borna Rendulic.
7:38 of 2nd period - Shot Blocked by Ian McCoshen.
7:40 of 2nd period - Slapshot by Borna Rendulic.
7:40 of 2nd period - Stopped by Olivier Roy with a rebound.
7:42 of 2nd period - Snap shot by Rhett Gardner.
7:42 of 2nd period - Stopped by Olivier Roy without a rebound.
7:43 of 2nd period - Ryan Bourque wins face-off versus Riley Armstrong in Griffins zone.
7:46 of 2nd period - Snap shot by James Livingstone.
7:46 of 2nd period - Stopped by Olivier Roy with a rebound.
7:48 of 2nd period - Snap shot by Ryan Bourque.
7:48 of 2nd period - Stopped by Olivier Roy with a rebound.
7:50 of 2nd period - Snap shot by Dylan McIlrath.
7:50 of 2nd period - Shot Misses the Net.
7:52 of 2nd period - Slapshot by Dylan McIlrath.
7:52 of 2nd period - Stopped by Olivier Roy without a rebound.
7:53 of 2nd period - Riley Armstrong wins face-off versus Ryan Bourque in Griffins zone.
7:55 of 2nd period - Minor Penalty to Riley Armstrong for High sticking.
7:56 of 2nd period - Mathew Barzal wins face-off versus Ryan Bourque in Griffins zone.
8:06 of 2nd period - Snap shot by Julian Melchiori.
8:06 of 2nd period - Stopped by Olivier Roy without a rebound.
8:07 of 2nd period - Mathew Barzal wins face-off versus Ryan Bourque in Griffins zone.
8:14 of 2nd period - Slapshot by Marcus Pettersson.
8:14 of 2nd period - Shot Misses the Net.
9:47 of 2nd period - Ryan Bourque is hit by Sonny Milano and loses puck.
9:55 of 2nd period - Penalty to Riley Armstrong is over, Riley Armstrong is back on ice.
10:27 of 2nd period - Snap shot by Brad Ross.
10:27 of 2nd period - Deflect By Ben Johnson.
10:27 of 2nd period - Stopped by Olivier Roy without a rebound.
10:28 of 2nd period - Riley Armstrong wins face-off versus Ben Johnson in Griffins zone.
11:18 of 2nd period - Slapshot by Ben Thomson.
11:18 of 2nd period - Shot Blocked by Filip Hronek.
11:20 of 2nd period - Wrist shot by Ben Thomson.
11:20 of 2nd period - Shot Blocked by Filip Hronek.
11:22 of 2nd period - Snap shot by Ben Thomson.
11:22 of 2nd period - Shot Blocked by Ryan Pulock.
11:24 of 2nd period - Slapshot by Casey Staum.
11:24 of 2nd period - Stopped by Olivier Roy with a rebound.
11:30 of 2nd period - Minor Penalty to Sonny Milano for Hooking.
11:31 of 2nd period - Ryan Bourque wins face-off versus Riley Armstrong in Griffins zone.
11:34 of 2nd period - Snap shot by James Sheppard.
11:34 of 2nd period - Stopped by Olivier Roy without a rebound.
11:35 of 2nd period - Ryan Bourque wins face-off versus Riley Armstrong in Griffins zone.
12:00 of 2nd period - Ben Thomson is hit by Vladislav Namestnikov and loses puck.
12:01 of 2nd period - Ben Thomson from Sound Tigers is injured at 12:01 of 2nd period (Left Hand).
12:02 of 2nd period - Riley Armstrong wins face-off versus Ryan Bourque in Sound Tigers zone.
12:03 of 2nd period - Snap shot by Brendan Woods.
12:03 of 2nd period - Stopped by Pavel Francouz with a rebound.
13:30 of 2nd period - Penalty to Sonny Milano is over, Sonny Milano is back on ice.
13:59 of 2nd period - Filip Hronek is hit by Ben Johnson and loses puck.
14:20 of 2nd period - Snap shot by Ben Johnson.
14:20 of 2nd period - Shot Misses the Net.
14:22 of 2nd period - Slapshot by Slater Koekkoek.
14:22 of 2nd period - Shot Misses the Net.
14:24 of 2nd period - Wrist shot by Josh Archibald.
14:24 of 2nd period - Stopped by Olivier Roy with a rebound.
14:35 of 2nd period - Minor Penalty to Tyrell Goulbourne for Hooking.
14:36 of 2nd period - Riley Armstrong wins face-off versus James Sheppard in Sound Tigers zone.
14:39 of 2nd period - Snap shot by Tyler Pitlick.
14:39 of 2nd period - Shot Misses the Net.
14:41 of 2nd period - Slapshot by Martin Frk.
14:41 of 2nd period - Stopped by Pavel Francouz without a rebound.
14:42 of 2nd period - Riley Armstrong wins face-off versus James Sheppard in Sound Tigers zone.
16:35 of 2nd period - Penalty to Tyrell Goulbourne is over, Tyrell Goulbourne is back on ice.
16:40 of 2nd period - Wrist shot by Brendan Woods.
16:40 of 2nd period - Shot Misses the Net.
16:44 of 2nd period - Snap shot by Vladislav Namestnikov.
16:44 of 2nd period - Shot Misses the Net.
16:46 of 2nd period - Slapshot by Vladislav Namestnikov.
16:46 of 2nd period - Goal by Vladislav Namestnikov - Griffins : 3 - Sound Tigers : 0.
16:47 of 2nd period - Garret Pilon wins face-off versus Mathew Barzal in neutral zone.
17:51 of 2nd period - Tyler Pitlick is hit by Dylan McIlrath and loses puck.
17:56 of 2nd period - Wrist shot by Brad Ross.
17:56 of 2nd period - Shot Misses the Net.
18:06 of 2nd period - Snap shot by Riley Armstrong.
18:06 of 2nd period - Stopped by Pavel Francouz with a rebound.
18:08 of 2nd period - Wrist shot by Phil Oreskovic.
18:08 of 2nd period - Shot Blocked by Casey Staum.
18:35 of 2nd period - Snap shot by Josh Archibald.
18:35 of 2nd period - Shot Misses the Net.
18:37 of 2nd period - Slapshot by Alexander Yelesin.
18:37 of 2nd period - Stopped by Olivier Roy without a rebound.
18:38 of 2nd period - Lucas Lessio wins face-off versus Ryan Bourque in Griffins zone.
18:43 of 2nd period - Dylan McIlrath is hit by Ryan Pulock and loses puck.
18:50 of 2nd period - Snap shot by Mathew Barzal.
18:50 of 2nd period - Stopped by Pavel Francouz with a rebound.
18:52 of 2nd period - Wrist shot by Mathew Barzal.
18:52 of 2nd period - Goal by Mathew Barzal - Griffins : 4 - Sound Tigers : 0.
18:52 of 2nd period - Sean Maguire enters game.
18:53 of 2nd period - Mathew Barzal wins face-off versus Ryan Bourque in neutral zone.
18:56 of 2nd period - Slapshot by Travis Sanheim.
18:56 of 2nd period - Shot Misses the Net.
19:02 of 2nd period - Slapshot by Travis Sanheim.
19:02 of 2nd period - Stopped by Sean Maguire with a rebound.
19:04 of 2nd period - Snap shot by Danny Kristo.
19:04 of 2nd period - Stopped by Sean Maguire without a rebound.
19:05 of 2nd period - Mathew Barzal wins face-off versus James Sheppard in Sound Tigers zone.
19:18 of 2nd period - Slapshot by Julian Melchiori.
19:18 of 2nd period - Shot Blocked by Phil Oreskovic.
19:20 of 2nd period - Wrist shot by James Sheppard.
19:20 of 2nd period - Stopped by Olivier Roy with a rebound.
19:38 of 2nd period - Wrist shot by Tyler Pitlick.
19:38 of 2nd period - Shot Blocked by Julian Melchiori.
19:40 of 2nd period - Slapshot by Phil Oreskovic.
19:40 of 2nd period - Shot Blocked by Rhett Gardner.
19:42 of 2nd period - Wrist shot by Adam Gaudette.
19:42 of 2nd period - Deflect By Riley Armstrong.
19:42 of 2nd period - Stopped by Sean Maguire with a rebound.
19:56 of 2nd period - Tyrell Goulbourne is hit by Martin Frk and loses puck.
Goals for this period are 2 for Griffins vs 0 for Sound Tigers.
Shots for this period are 12 for Griffins vs 16 for Sound Tigers.
3rd period
0:01 of 3rd period - Riley Armstrong wins face-off versus Ryan Bourque in neutral zone.
0:04 of 3rd period - Slapshot by Travis Sanheim.
0:04 of 3rd period - Deflect By James Sheppard.
0:04 of 3rd period - Stopped by Sean Maguire without a rebound.
0:05 of 3rd period - James Livingstone wins face-off versus Riley Armstrong in Sound Tigers zone.
0:16 of 3rd period - Slapshot by Ryan Bourque.
0:16 of 3rd period - Shot Misses the Net.
0:18 of 3rd period - Wrist shot by James Livingstone.
0:18 of 3rd period - Goal by James Livingstone - Griffins : 4 - Sound Tigers : 1.
0:19 of 3rd period - Riley Armstrong wins face-off versus Ryan Bourque in neutral zone.
0:28 of 3rd period - Snap shot by Tyler Pitlick.
0:28 of 3rd period - Stopped by Sean Maguire without a rebound.
0:29 of 3rd period - Riley Armstrong wins face-off versus Ryan Bourque in Sound Tigers zone.
0:34 of 3rd period - Slapshot by Riley Armstrong.
0:34 of 3rd period - Stopped by Sean Maguire without a rebound.
0:35 of 3rd period - Ryan Bourque wins face-off versus Adam Gaudette in Sound Tigers zone.
0:50 of 3rd period - Slapshot by James Livingstone.
0:50 of 3rd period - Stopped by Olivier Roy without a rebound.
0:51 of 3rd period - Mathew Barzal wins face-off versus Rhett Gardner in Griffins zone.
1:05 of 3rd period - Mathew Barzal is hit by Borna Rendulic and loses puck.
1:37 of 3rd period - Slapshot by Ben Johnson.
1:37 of 3rd period - Stopped by Olivier Roy without a rebound.
1:38 of 3rd period - Ben Johnson wins face-off versus Martin Frk in Griffins zone.
1:39 of 3rd period - Slapshot by Brad Ross.
1:39 of 3rd period - Shot Blocked by Marcus Pettersson.
1:41 of 3rd period - Wrist shot by Josh Archibald.
1:41 of 3rd period - Shot Blocked by Marcus Pettersson.
1:43 of 3rd period - Snap shot by Josh Archibald.
1:43 of 3rd period - Stopped by Olivier Roy without a rebound.
1:44 of 3rd period - Mathew Barzal wins face-off versus Ryan Bourque in Griffins zone.
1:57 of 3rd period - Slapshot by James Sheppard.
1:57 of 3rd period - Shot Misses the Net.
1:59 of 3rd period - Slapshot by Dylan McIlrath.
1:59 of 3rd period - Stopped by Olivier Roy without a rebound.
2:00 of 3rd period - Rhett Gardner wins face-off versus Riley Armstrong in Griffins zone.
2:25 of 3rd period - Mathew Barzal is hit by James Sheppard and loses puck.
3:34 of 3rd period - Icing by Slater Koekkoek.
3:35 of 3rd period - Riley Armstrong wins face-off versus Garret Pilon in Sound Tigers zone.
3:54 of 3rd period - Filip Hronek is hit by Garret Pilon and loses puck.
4:31 of 3rd period - Slapshot by Slater Koekkoek.
4:31 of 3rd period - Shot Blocked by Ryan Pulock.
4:33 of 3rd period - Slapshot by Gabriel Carlsson.
4:33 of 3rd period - Shot Misses the Net.
4:35 of 3rd period - Snap shot by Borna Rendulic.
4:35 of 3rd period - Shot Misses the Net.
4:43 of 3rd period - Wrist shot by Borna Rendulic.
4:43 of 3rd period - Stopped by Olivier Roy without a rebound.
4:44 of 3rd period - Vladislav Namestnikov wins face-off versus Ryan Bourque in Griffins zone.
4:53 of 3rd period - Julian Melchiori is hit by Brendan Woods and loses puck.
5:10 of 3rd period - Patrick Wiercioch is hit by Julian Melchiori and loses puck.
6:03 of 3rd period - Alexander Yelesin is hit by Vladislav Namestnikov.
6:45 of 3rd period - Minor Penalty to Alexander Yelesin for Interference.
6:46 of 3rd period - James Sheppard wins face-off versus Riley Armstrong in Sound Tigers zone.
6:55 of 3rd period - Snap shot by James Livingstone.
6:55 of 3rd period - Deflect By James Sheppard.
6:55 of 3rd period - Stopped by Olivier Roy without a rebound.
6:56 of 3rd period - Riley Armstrong wins face-off versus James Sheppard in Griffins zone.
7:12 of 3rd period - Slapshot by Marcus Pettersson.
7:12 of 3rd period - Shot Misses the Net.
7:42 of 3rd period - Tyler Pitlick is hit by Dylan McIlrath and loses puck.
7:51 of 3rd period - Snap shot by Marcus Pettersson.
7:51 of 3rd period - Stopped by Sean Maguire with a rebound.
7:53 of 3rd period - Slapshot by Martin Frk.
7:53 of 3rd period - Shot Misses the Net.
8:21 of 3rd period - Riley Armstrong is hit by Slater Koekkoek and loses puck.
8:30 of 3rd period - Slapshot by Marcus Pettersson.
8:30 of 3rd period - Stopped by Sean Maguire with a rebound.
8:42 of 3rd period - Slapshot by Travis Sanheim.
8:42 of 3rd period - Shot Misses the Net.
8:45 of 3rd period - Penalty to Alexander Yelesin is over, Alexander Yelesin is back on ice.
8:49 of 3rd period - Icing by Riley Armstrong.
8:50 of 3rd period - Pavel Kraskovsky wins face-off versus Riley Armstrong in Griffins zone.
8:59 of 3rd period - Snap shot by Tyrell Goulbourne.
8:59 of 3rd period - Shot Misses the Net.
9:17 of 3rd period - Snap shot by Borna Rendulic.
9:17 of 3rd period - Stopped by Olivier Roy without a rebound.
9:18 of 3rd period - Borna Rendulic wins face-off versus Mathew Barzal in Griffins zone.
9:19 of 3rd period - Wrist shot by Rhett Gardner.
9:19 of 3rd period - Shot Blocked by Danny Kristo.
9:56 of 3rd period - Snap shot by James Sheppard.
9:56 of 3rd period - Stopped by Olivier Roy with a rebound.
10:47 of 3rd period - Gabriel Carlsson is hit by Phil Oreskovic and loses puck.
10:55 of 3rd period - Icing by Garret Pilon.
10:56 of 3rd period - Garret Pilon wins face-off versus Vladislav Namestnikov in Sound Tigers zone.
11:07 of 3rd period - Snap shot by Ryan Bourque.
11:07 of 3rd period - Shot Misses the Net.
11:23 of 3rd period - Wrist shot by Borna Rendulic.
11:23 of 3rd period - Shot Misses the Net.
11:25 of 3rd period - Snap shot by Julian Melchiori.
11:25 of 3rd period - Deflect By Lucas Lessio.
11:25 of 3rd period - Stopped by Olivier Roy without a rebound.
11:26 of 3rd period - Ryan Bourque wins face-off versus Mathew Barzal in Griffins zone.
11:51 of 3rd period - Julian Melchiori is hit by Phil Oreskovic.
11:55 of 3rd period - Garrett Wilson is hit by Alexander Yelesin.
11:58 of 3rd period - Icing by Sonny Milano.
11:59 of 3rd period - Martin Frk wins face-off versus James Livingstone in Griffins zone.
11:59 of 3rd period - Martin Frk is hit by Ryan Bourque.
12:43 of 3rd period - Casey Staum is hit by Garrett Wilson.
13:48 of 3rd period - Snap shot by Garrett Wilson.
13:48 of 3rd period - Stopped by Sean Maguire with a rebound.
13:52 of 3rd period - Wrist shot by Garrett Wilson.
13:52 of 3rd period - Stopped by Sean Maguire with a rebound.
13:54 of 3rd period - Snap shot by Martin Frk.
13:54 of 3rd period - Shot Misses the Net.
13:56 of 3rd period - Wrist shot by Phil Oreskovic.
13:56 of 3rd period - Shot Blocked by Borna Rendulic.
13:58 of 3rd period - Slapshot by Garrett Wilson.
13:58 of 3rd period - Shot Misses the Net.
14:00 of 3rd period - Wrist shot by Martin Frk.
14:00 of 3rd period - Stopped by Sean Maguire with a rebound.
14:29 of 3rd period - Snap shot by Borna Rendulic.
14:29 of 3rd period - Shot Blocked by Martin Frk.
14:41 of 3rd period - Slapshot by Sonny Milano.
14:41 of 3rd period - Goal by Sonny Milano - Griffins : 5 - Sound Tigers : 1.
14:42 of 3rd period - Ryan Bourque wins face-off versus Riley Armstrong in neutral zone.
15:16 of 3rd period - Snap shot by Danny Kristo.
15:16 of 3rd period - Goal by Danny Kristo - Griffins : 6 - Sound Tigers : 1.
15:17 of 3rd period - Riley Armstrong wins face-off versus Ryan Bourque in neutral zone.
15:26 of 3rd period - Wrist shot by Tyler Pitlick.
15:26 of 3rd period - Shot Blocked by Dylan McIlrath.
15:28 of 3rd period - Snap shot by Tyler Pitlick.
15:28 of 3rd period - Shot Blocked by Julian Melchiori.
15:30 of 3rd period - Slapshot by Tyler Pitlick.
15:30 of 3rd period - Shot Misses the Net.
15:32 of 3rd period - Wrist shot by Adam Gaudette.
15:32 of 3rd period - Shot Misses the Net.
15:42 of 3rd period - Danny Kristo is hit by Tyrell Goulbourne and loses puck.
15:49 of 3rd period - Snap shot by Pavel Kraskovsky.
15:49 of 3rd period - Shot Misses the Net.
15:51 of 3rd period - Wrist shot by Pavel Kraskovsky.
15:51 of 3rd period - Shot Blocked by Patrick Wiercioch.
15:53 of 3rd period - Slapshot by Slater Koekkoek.
15:53 of 3rd period - Shot Misses the Net.
16:07 of 3rd period - Snap shot by Brendan Woods.
16:07 of 3rd period - Deflect By Troy Terry.
16:07 of 3rd period - Shot Misses the Net.
16:07 of 3rd period - Puck is out of play.
16:08 of 3rd period - Ryan Bourque wins face-off versus Brendan Woods in Sound Tigers zone.
16:17 of 3rd period - Off-side.
16:18 of 3rd period - Riley Armstrong wins face-off versus Ryan Bourque in neutral zone.
16:57 of 3rd period - Snap shot by James Sheppard.
16:57 of 3rd period - Deflect By James Livingstone.
16:57 of 3rd period - Shot Misses the Net.
16:57 of 3rd period - Puck is out of play.
16:58 of 3rd period - Rhett Gardner wins face-off versus Riley Armstrong in Griffins zone.
17:03 of 3rd period - Wrist shot by Borna Rendulic.
17:03 of 3rd period - Stopped by Olivier Roy without a rebound.
17:04 of 3rd period - Riley Armstrong wins face-off versus Rhett Gardner in Griffins zone.
17:39 of 3rd period - Wrist shot by James Sheppard.
17:39 of 3rd period - Stopped by Olivier Roy without a rebound.
17:40 of 3rd period - Ryan Bourque wins face-off versus Mathew Barzal in Griffins zone.
17:43 of 3rd period - Snap shot by Ryan Bourque.
17:43 of 3rd period - Stopped by Olivier Roy with a rebound.
17:47 of 3rd period - Wrist shot by James Sheppard.
17:47 of 3rd period - Shot Blocked by Marcus Pettersson.
17:49 of 3rd period - Slapshot by James Sheppard.
17:49 of 3rd period - Stopped by Olivier Roy without a rebound.
17:50 of 3rd period - Ryan Bourque wins face-off versus Mathew Barzal in Griffins zone.
17:59 of 3rd period - Wrist shot by James Sheppard.
17:59 of 3rd period - Stopped by Olivier Roy without a rebound.
18:00 of 3rd period - Tyler Pitlick wins face-off versus Ryan Bourque in Griffins zone.
18:11 of 3rd period - Slapshot by Travis Sanheim.
18:11 of 3rd period - Goal by Travis Sanheim - Griffins : 7 - Sound Tigers : 1.
18:12 of 3rd period - Riley Armstrong wins face-off versus Ryan Bourque in neutral zone.
18:23 of 3rd period - Snap shot by Tyler Pitlick.
18:23 of 3rd period - Shot Misses the Net.
18:37 of 3rd period - Julian Melchiori is hit by Lucas Lessio and loses puck.
18:44 of 3rd period - Wrist shot by Danny Kristo.
18:44 of 3rd period - Goal by Danny Kristo - Griffins : 8 - Sound Tigers : 1.
18:45 of 3rd period - Ryan Bourque wins face-off versus Riley Armstrong in neutral zone.
19:10 of 3rd period - Danny Kristo is hit by Rhett Gardner and loses puck.
19:37 of 3rd period - Scott Glennie is hit by Garrett Wilson and loses puck.
19:57 of 3rd period - Snap shot by Ryan Bourque.
19:57 of 3rd period - Shot Misses the Net.
Goals for this period are 4 for Griffins vs 1 for Sound Tigers.
Shots for this period are 12 for Griffins vs 15 for Sound Tigers.